Map: Kairos Junction LE

Players

LazyBear - Winner!

  • Race: Terran Terran
  • League: Platinum
  • Spawn Location: 5:00

TiPtOP

  • Race: Terran Terran
  • League: Silver
  • Spawn Location: 11:00

VOD

Have the link to the VOD?

Description

Time

  • Played on: Aug. 13, 2019, 8:04 a.m.
  • Length: 17:02
Show
View Real Time Build Order
Export as new Build Order

LazyBear Terran - Winner!

Build Orders: Gas First Reaper Expand 

Get SALT Encoding   

  12  0:01  SCV  
  13  0:13  SCV  
  14  0:17  Supply Depot  
  14  0:25  SCV  
  15  0:30  Refinery  
  15  0:39  SCV  
  16  0:45  Barracks  
  16  0:51  SCV  
  17  1:03  SCV  
  18  1:15  SCV  
  19  1:20  Refinery  
  19  1:32  Orbital Command  
  19  1:39  Reaper  
  20  1:52  Command Center  
  21  2:01  SCV  
  21  2:19  Factory  
  21  2:20  SCV  
  22  2:33  SCV  
  23  2:38  Barracks Reactor  
  23  2:46  Barracks Reactor  
  23  2:49  Supply Depot  
  23  3:04  SCV, Starport  
  24  3:08  Orbital Command  
  24  3:13  Factory Tech Lab  
  24  3:16  SCV  
  25  3:27  Marine x2  
  25  3:28  SCV  
  28  3:37  SCV  
  28  3:40  SCV  
  28  3:41  Siege Tank  
  33  3:49  SCV  
  33  3:51  Fusion Core  
  33  3:55  Starport Tech Lab  
  34  3:56  Marine x2  
  34  4:00  SCV  
  34  4:01  SCV  
  38  4:09  Supply Depot  
  38  4:12  SCV  
  39  4:22  Siege Tank  
  39  4:23  Marine x2  
  44  4:32  Starport  
  44  4:33  SCV  
  44  4:35  SCV  
  44  4:38  Refinery  
  46  4:43  Marine x2  
  48  4:46  SCV  
  48  4:47  SCV  
  48  4:51  Refinery  
  50  4:58  SCV  
  50  4:59  SCV, Supply Depot  
  52  5:10  SCV  
  53  5:20  Battlecruiser  
  59  5:21  Supply Depot  
  59  5:28  Command Center  
  59  5:30  Supply Depot  
  59  5:31  SCV  
  59  5:33  SCV  
  61  5:39  Weapon Refit  
  61  5:43  SCV  
  61  5:46  Supply Depot  
  61  5:49  Starport Tech Lab  
  62  5:57  Marine x2  
  62  6:02  SCV  
  62  6:03  SCV  
  66  6:09  Supply Depot  
  66  6:14  Battlecruiser, SCV  
  66  6:15  SCV, Marine x2  
  76  6:32  Supply Depot  
  76  6:33  Marine x2  
  76  6:35  Siege Tank  
  81  6:41  SCV  
  81  6:43  SCV  
  81  6:45  Orbital Command  
  83  6:53  SCV  
  84  6:54  Supply Depot  
  84  6:55  SCV  
  84  6:57  Marine x2  
  87  7:07  SCV  
  88  7:09  Barracks  
  88  7:13  Battlecruiser  
  88  7:15  Marine x2  
  94  7:19  SCV  
  94  7:21  Orbital Command  
  97  7:33  Marine  
  98  7:38  Supply Depot  
  98  7:42  Battlecruiser  
  104  7:48  SCV x2  
  106  7:57  Barracks  
  106  7:59  Marine x2  
  108  8:09  Supply Depot  
  108  8:11  Barracks Reactor  
  108  8:17  Battlecruiser, Marine x2  
  116  8:21  SCV x3  
  116  8:25  Armory  
  119  8:28  Armory  
  119  8:33  SCV x2  
  119  8:34  SCV  
  122  8:45  SCV x2  
  122  8:46  SCV  
  125  8:57  SCV  
  125  8:58  SCV x2  
  125  9:01  Barracks Reactor  
  128  9:03  Marine x4  
  128  9:07  Supply Depot  
  133  9:10  SCV x3  
  133  9:16  Refinery  
  135  9:18  Refinery  
  135  9:21  Marine x4  
  135  9:22  SCV  
  140  9:24  Supply Depot  
  140  9:28  Supply Depot  
  140  9:29  Siege Tank  
  137  11:19  SCV  
  137  11:20  Marine  
  137  11:21  Marine x5  
  137  11:23  Battlecruiser x2  
  156  11:30  Supply Depot  
  156  11:31  SCV  
  124  11:38  Marine  
  122  11:43  SCV  
  123  11:59  Command Center  
  123  12:06  Marine x2  
  123  12:07  Marine x4  
  129  12:11  Terran Ship Weapons Level 1, Terran Vehicle And Ship Armor Level 1  
  129  12:15  Command Center  
  129  12:16  Starport  
  129  12:24  Marine x3  
  129  12:25  Marine x3  
  129  12:27  Battlecruiser  
  141  12:36  Siege Tank  
  144  12:42  Marine x4  
  144  12:43  Marine x2  
  150  13:00  Marine x6  
  156  13:08  Battlecruiser, Siege Tank  
  165  13:18  Marine x4  
  169  13:32  Battlecruiser  
  157  14:05  SCV x4  
  161  14:10  Orbital Command  
  161  14:12  Battlecruiser  
  167  14:17  SCV x4  
  167  14:19  Starport Tech Lab  
  167  14:22  Starport  
  171  14:36  Battlecruiser  
  177  14:47  Orbital Command  
  177  14:53  SCV x4  
  181  15:05  SCV x3  
  181  15:06  SCV  
  185  15:09  Starport Tech Lab  
  185  15:11  Battlecruiser  
  191  15:16  Battlecruiser  
  191  15:17  SCV  
  198  15:58  SCV x2  
  200  16:07  Starport  
  200  16:13  Starport  
Show
View Real Time Build Order
Export as new Build Order

TiPtOP Terran 

Build Orders:  

Get SALT Encoding   

  12  0:01  SCV  
  13  0:13  SCV  
  14  0:20  Supply Depot  
  14  0:25  SCV  
  15  0:41  SCV  
  16  0:45  Barracks  
  16  0:48  Refinery  
  16  0:53  SCV  
  17  1:08  SCV  
  18  1:20  SCV  
  19  1:35  Barracks Reactor  
  19  1:39  Command Center  
  19  1:42  SCV  
  20  1:59  SCV  
  21  2:14  SCV  
  22  2:15  Marine  
  22  2:18  Marine  
  23  2:25  Supply Depot  
  23  2:29  SCV  
  23  2:34  Barracks  
  23  2:47  SCV, Marine x2  
  23  2:48  Supply Depot  
  26  2:53  SCV  
  27  2:59  SCV  
  28  3:13  Marine x2  
  28  3:16  Supply Depot  
  28  3:17  SCV  
  32  3:21  Orbital Command  
  31  3:28  Barracks Tech Lab  
  31  3:40  Factory  
  31  3:42  Marine x2  
  35  3:55  SCV  
  35  3:59  Orbital Command  
  35  4:00  Marine x2  
  36  4:16  SCV  
  37  4:17  Refinery  
  37  4:18  Marine x2  
  37  4:21  Marauder  
  37  4:24  Stimpack  
  41  4:26  Factory Reactor  
  41  4:28  SCV  
  41  4:31  Starport  
  42  4:40  SCV  
  42  4:41  SCV  
  42  4:43  Marine x2  
  47  4:47  Marauder  
  48  5:00  SCV x2  
  50  5:12  SCV  
  51  5:18  Supply Depot  
  51  5:32  Supply Depot  
  51  5:33  SCV x2  
  51  5:34  Marine x2, Factory Tech Lab  
  57  5:35  Marauder  
  57  5:38  Medivac x2  
  57  5:41  Supply Depot  
  61  5:45  SCV x2  
  63  5:55  Engineering Bay  
  63  5:57  Siege Tank, Marauder  
  68  6:07  Supply Depot  
  68  6:11  SCV x2  
  68  6:13  Marine x2, Supply Depot  
  68  6:17  Marine  
  73  6:23  SCV x2  
  73  6:25  Combat Shield  
  75  6:28  Terran Infantry Weapons Level 1  
  75  6:29  Supply Depot  
  75  6:36  Supply Depot  
  75  6:37  Supply Depot  
  75  6:38  Supply Depot  
  75  6:49  Siege Tank  
  75  6:51  Supply Depot  
  78  7:03  Supply Depot  
  78  7:04  Refinery  
  78  7:05  Marine x2  
  78  7:06  Refinery, Marauder  
  82  7:13  SCV x2  
  84  7:25  SCV x2  
  84  7:27  Barracks  
  86  7:40  SCV x2  
  86  7:43  Liberator  
  88  7:52  SCV x2  
  90  8:02  Siege Tank  
  90  8:03  Marine  
  90  8:04  Marine  
  100  8:05  Marauder  
  102  8:27  Marauder  
  102  8:32  Marine x2  
  105  8:36  Barracks Reactor  
  101  8:48  Marine  
  99  9:06  Marauder  
  101  9:34  Terran Infantry Armor Level 1  
  101  9:37  Concussive Shells  
  101  9:38  Marine x2  
  101  9:39  Marine x2  
  102  9:48  Starport Reactor  
  102  10:13  Marine x2  
  102  10:14  Factory, Marine x3  
  105  10:18  Cyclone  
  110  10:31  Marine x2  
  112  10:46  Fusion Core  
  112  10:52  Command Center  
  112  10:54  Starport  
  112  10:58  Missile Turret  
  112  11:02  Missile Turret  
  112  11:03  Missile Turret  
  112  11:20  Missile Turret  
  112  11:25  Missile Turret  
  112  11:28  Missile Turret  
  72  11:45  Marine x3  
  72  11:46  Marine, Marauder  
  76  11:47  Missile Turret  
  76  11:50  Missile Turret  
  76  11:51  Missile Turret  
  76  11:55  Viking  
  76  11:56  Viking  
  76  11:59  Factory Reactor  
  80  12:09  Missile Turret  
  80  12:18  Missile Turret  
  80  12:20  Missile Turret  
  80  12:24  Planetary Fortress  
  80  12:26  SCV x2  
  82  12:36  Refinery  
  82  12:38  Missile Turret, SCV x2  
  82  12:39  Missile Turret  
  82  12:41  Missile Turret  
  84  12:44  Starport Tech Lab  
  84  12:59  Missile Turret, Starport  
  84  13:01  Widow Mine  
  84  13:02  Widow Mine  
  68  13:33  Marine x5  
  63  13:37  Viking x2  
  58  13:50  Marine  
  50  14:11  Marine x5  
  50  14:13  Viking  
  54  14:26  Viking  
  54  14:28  Widow Mine x2, Marine x2  
  54  14:29  Marine x2  
  58  14:50  Refinery, Marine x3  
  48  15:07  Marine  
  48  15:08  Marine x2  
  48  15:22  Viking x2  
  48  15:24  Widow Mine x2  
  48  15:25  Marine x2  
  55  15:44  Starport  
  55  16:05  Marine x3  
  58  16:22  Marine  
  58  16:23  Marine x2  
  61  16:36  Barracks  
  61  16:37  Starport Tech Lab  
  61  16:45  Fusion Core  
Tags
 
Add a new tag
Caveats
  • Supply blocks, unpowered buildings, or Contaminate may cause inaccurate times.
  • Supply counts are checked every 10 seconds.